 Dungeon Crawl Stone Soup version 0.18.1-50-g88ac8fd (webtiles) character file.

17201 Gargoyl the Protected (level 12, -1/82 HPs)
             Began as a Demonspawn Abyssal Knight on Sept 23, 2016.
             Was the Champion of Lugonu.
             Slain by a slime creature (13 damage)
             ... on level 12 of the Dungeon.
             The game lasted 00:28:17 (11457 turns).

Gargoyl the Protected (Demonspawn Abyssal Knight)  Turns: 11457, Time: 00:28:18

Health: -1/82      AC: 22    Str: 12    XL:     12   Next: 16%
Magic:  20/20      EV:  5    Int: 14    God:    Lugonu [******]
Gold:   100        SH:  3    Dex: 14    Spells: 0 memorised, 11 levels left

rFire  + . .     SeeInvis +     v - +2 hand axe (elec)
rCold  + + .     Gourm    .     o - +0 plate armour
rNeg   + . .     Faith    .     y - +0 buckler
rPois  .         Spirit   .     (helmet unavailable)
rElec  .         Dismiss  .     w - +2 cloak
rCorr  .         Reflect  .     (no gloves)
SustAt .         Harm     .     n - +1 pair of boots
MR     +++..                    r - amulet of regeneration
Stlth  ..........               f - ring of positive energy
                                d - ring of protection from magic

@: extremely resistant to hostile enchantments, extremely unstealthy
A: antennae 3, hooves 1, molten scales 1, cold resistance 2, fire resistance 1,
frail 1, magic resistance 2, spiny 2, weak 2, wild magic 1, MP-powered wands
a: Depart the Abyss, Bend Space, Banish, Corrupt, Enter the Abyss, Brand Weapon
With Distortion, Renounce Religion


You were on level 12 of the Dungeon.
You worshipped Lugonu.
Lugonu was exalted by your worship.
You were hungry.

You visited 1 branch of the dungeon, and saw 12 of its levels.
You visited the Abyss 1 time.

You collected 669 gold pieces.
You spent 569 gold pieces at shops.

Inventory:

Hand Weapons
 t - a +0 war axe of freezing
 v - a +2 hand axe of electrocution (weapon)
Missiles
 j - 7 tomahawks (quivered)
Armour
 n - a +1 pair of boots (worn)
 o - a +0 plate armour (worn)
 w - a +2 cloak (worn)
 y - a +0 buckler (worn)
Jewellery
 d - a ring of protection from magic (left hand)
 f - a ring of positive energy (right hand)
 r - an amulet of regeneration (around neck)
 u - an uncursed ring of flight
Wands
 e - a wand of confusion (31/48)
 h - a wand of polymorph (16/24)
 m - a wand of flame (23/48)
 x - a wand of lightning (5/15)
 z - a wand of acid (8/15)
 B - a wand of flame (34/48)
 C - a wand of acid (3/15)
 G - a wand of flame (9/48)
 J - a wand of paralysis (7/24)
Scrolls
 a - 2 scrolls of magic mapping
 b - 2 scrolls of fog
 l - 10 scrolls of remove curse
 q - 6 scrolls of identify
Potions
 s - a potion of brilliance
 E - a potion of heal wounds
 F - a potion of flight
 K - a potion of agility
 L - 2 potions of might
Miscellaneous
 M - a legendary deck of war {drawn: 2}
Comestibles
 c - 14 bread rations
 g - 4 beef jerkies
 i - 7 meat rations
 k - 2 slices of pizza
 D - 7 fruits


   Skills:
 + Level 8.0 Fighting
 + Level 7.2 Axes
 + Level 1.0 Throwing
 * Level 12.4 Armour
 + Level 4.4 Dodging
 * Level 11.7 Invocations


You had 11 spell levels left.
You didn't know any spells.

Dungeon Overview and Level Annotations

Branches:
Dungeon (12/15)            Temple (0/1) D:7            Lair (0/8) D:10
    Orc (0/2) D:9

Altars:
Ashenzari
Kikubaaqudgha
Makhleb
Okawaru
Qazlal
Ru
Sif Muna
Xom
Yredelemnul

Shops:
D:6 =   D:12 [}}=


Innate Abilities, Weirdness & Mutations

You have a pair of large antennae on your head (SInv).
You are partially covered in molten scales (AC +1).
Your flesh is very cold resistant.
You are mostly covered in sharp spines.
You have large cloven feet.
Your flesh is heat resistant.
You are frail (-10% HP).
You are highly resistant to hostile enchantments.
You are very weak. (Str -4)
Your spells are a little harder to cast, but a little more powerful.
You expend magic power (3 MP) to strengthen your wands.


Message History

There is a sudden explosion of sparks!
You kill the slime creature!
Lugonu accepts your kill.
You hit the slime creature.
There is a sudden explosion of sparks!
The slime creature is almost dead.
The slime creature is struck by your spines.
You kill the slime creature!
Lugonu accepts your kill.
You hit the slime creature.
The slime creature is lightly wounded.
The slime creature hits you!
* * * LOW HITPOINT WARNING * * *
You hit the slime creature.
There is a sudden explosion of sparks!
The slime creature is heavily wounded.
You block the slime creature's attack.
You hit the slime creature but do no damage.
There is a sudden explosion of sparks!
The slime creature is severely wounded.
The slime creature hits you!
You die...

### #..# ## #### #..##
##.# #..# #... #..# #..#
##... #..# ##.## ##....
#..## ##...## ##.....
#...####.....### ##......
##.....J@##....###......#
##.......)####...........#
#.?.###...# ##..........#
#.(...†## #...#
##.......... ##...)# #...#
#.>#####... ...... ##...#
#..# ##.. ..... #.....#
#..# #.. <.>..
...........# ##( ....
...####.....# ##.


You could see a slime creature.

Vanquished Creatures
  Fannar (D:11)
  An unseen horror (D:10)
  A hill giant (D:12)
  A wolf spider zombie (D:12)
  2 ugly things
  A manticore (D:12)
  2 cyclopes
  A centaur skeleton (D:12)
  A centaur zombie (D:11)
  A tengu conjurer (D:12)
  Grinder (D:3)
  2 trolls
  3 slime creatures (D:12)
  A spriggan (D:7)
  19 yaks
  2 wyverns
  A human (D:7)
  4 vampire mosquitoes
  A hungry ghost (D:7)
  A steam dragon (D:9)
  2 hippogriffs (D:7)
  A water moccasin (D:11)
  4 sky beasts
  A phantom (D:6)
  A necrophage (D:10)
  A wasp (D:12)
  2 ice beasts
  A black bear (D:9)
  9 orc warriors
  6 ogres
  8 centaurs
  2 big kobolds
  Blork the orc (D:5)
  9 giant frogs
  A gnoll sergeant (D:9)
  A wyvern skeleton (D:6)
  6 scorpions
  7 wights
  7 howler monkeys
  3 crimson imps
  11 orc wizards
  4 jellies
  3 hounds
  An orc priest (D:5)
  5 giant frog skeletons
  4 iguanas
  6 worker ants
  2 worker ant zombies
  16 gnolls
  A howler monkey skeleton (D:10)
  10 adders
  6 river rats (D:10)
  5 shadow imps
  An ooze (D:1)
  An adder zombie (D:9)
  3 worms
  6 giant geckos
  56 orcs
  3 ball pythons
  6 giant cockroaches
  9 goblins
  5 hobgoblins
  13 jackals
  2 quokkas
  9 bats
  2 giant gecko skeletons
  6 giant newts
  A goblin skeleton (D:7)
  20 kobolds
  A kobold skeleton (D:7)
  20 rats
358 creatures vanquished.

Vanquished Creatures (collateral kills)
  A yak (D:12)
1 creature vanquished.

Vanquished Creatures (others)
  A wizard (D:11)
  An orc warrior (D:6)
  An orc priest (D:6)
  An adder (D:9)
  2 fungi (D:10)
6 creatures vanquished.

Grand Total: 365 creatures vanquished

Notes
Turn   | Place    | Note
--------------------------------------------------------------
     0 | Abyss:1  | Gargoyl the Demonspawn Abyssal Knight began the quest for the Orb.
     0 | Abyss:1  | Reached XP level 1. HP: 18/18 MP: 2/2
     8 | Abyss:1  | Found a corrupted altar of Lugonu.
    56 | Abyss:1  | Noticed an ancient zyme
    57 | Abyss:1  | Noticed an ice dragon skeleton
    85 | Abyss:1  | Noticed a starcursed mass
    89 | Abyss:1  | Noticed a large abomination
    92 | D:1      | Escaped the Abyss
   184 | D:1      | Reached skill level 2 in Armour
   400 | D:1      | Gained mutation: You are partially covered in sharp spines. [demonic ancestry]
   400 | D:1      | Reached XP level 2. HP: 24/24 MP: 3/3
   512 | D:1      | Reached * piety under Lugonu
   899 | D:2      | Gained mutation: You have a pair of small antennae on your head. [demonic ancestry]
   899 | D:2      | Reached XP level 3. HP: 27/29 MP: 5/5
  1218 | D:2      | Reached ** piety under Lugonu
  1253 | D:2      | Gained mutation: You have a pair of antennae on your head. [demonic ancestry]
  1253 | D:2      | Reached XP level 4. HP: 37/37 MP: 6/6
  1348 | D:3      | Noticed Grinder
  1360 | D:3      | Paralysed by Grinder for 3 turns
  1363 | D:3      | Killed Grinder
  1363 | D:3      | Reached skill level 4 in Armour
  1363 | D:3      | Reached skill level 1 in Dodging
  1363 | D:3      | Gained mutation: Your flesh is cold resistant. [demonic ancestry]
  1363 | D:3      | Reached XP level 5. HP: 19/43 MP: 7/7
  1363 | D:3      | Reached XP level 6. HP: 22/49 MP: 8/8
  2137 | D:3      | Reached *** piety under Lugonu
  2721 | D:4      | Gained mutation: You are weak. (Str -2) [potion of mutation]
  2721 | D:4      | Gained mutation: Your flesh is heat resistant. [potion of mutation]
  2721 | D:4      | Gained mutation: Your spells are a little harder to cast, but a little more powerful. [potion of mutation]
  2722 | D:4      | Gained mutation: Your flesh is very cold resistant. [potion of mutation]
  2722 | D:4      | Gained mutation: You expend magic power (3 MP) to strengthen your wands. [potion of mutation]
  2722 | D:4      | Gained mutation: Your mind is acute. (Int +2) [potion of mutation]
  3011 | D:5      | Entered Level 5 of the Dungeon
  3081 | D:5      | Noticed Blork the orc
  3101 | D:5      | Killed Blork the orc
  3101 | D:5      | Gained mutation: You are partially covered in molten scales (AC +1). [demonic ancestry]
  3101 | D:5      | Reached XP level 7. HP: 8/55 MP: 10/10
  3108 | D:5      | Reached skill level 5 in Armour
  3490 | D:5      | Reached **** piety under Lugonu
  3843 | D:5      | Reached skill level 5 in Invocations
  3981 | D:5      | Reached skill level 5 in Fighting
  4238 | D:5      | Gained mutation: You have a pair of large antennae on your head (SInv). [demonic ancestry]
  4238 | D:5      | Reached XP level 8. HP: 46/62 MP: 11/11
  4245 | D:5      | Reached skill level 6 in Armour
  4551 | D:6      | Reached ***** piety under Lugonu
  4711 | D:6      | Found Esug's Jewellery Shop.
  4714 | D:6      | Found a shattered altar of Ashenzari.
  4723 | D:6      | Bought an uncursed ring of positive energy for 220 gold pieces
  4888 | D:6      | Reached skill level 7 in Armour
  4924 | D:6      | Gained mutation: You are frail (-10% HP). [potion of mutation]
  4924 | D:6      | Gained mutation: You are resistant to hostile enchantments. [potion of mutation]
  5327 | D:6      | Found an ancient bone altar of Kikubaaqudgha.
  5353 | D:6      | Found a burning altar of Makhleb.
  5610 | D:7      | Found a staircase to the Ecumenical Temple.
  5615 | D:7      | Reached XP level 9. HP: 60/61 MP: 14/14
  5682 | D:7      | Found an iron altar of Okawaru.
  5710 | D:7      | Reached skill level 8 in Armour
  5944 | D:7      | Found a runed door.
  5949 | D:7      | Found a basalt altar of Yredelemnul.
  6068 | D:7      | Found a deep blue altar of Sif Muna.
  6252 | D:8      | Found an iron altar of Okawaru.
  6261 | D:8      | Reached skill level 9 in Armour
  6410 | D:8      | Found a sacrificial altar of Ru.
  6461 | D:8      | Reached XP level 10. HP: 56/68 MP: 15/17
  6815 | D:9      | Reached skill level 5 in Axes
  6817 | D:9      | Found a stormy altar of Qazlal.
  7278 | D:9      | Gained mutation: You are very weak. (Str -4) [mutagenic meat]
  7414 | D:9      | Reached skill level 10 in Invocations
  7463 | D:9      | Found a shimmering altar of Xom.
  7463 | D:9      | Found a stormy altar of Qazlal.
  7523 | D:9      | Reached skill level 10 in Armour
  7532 | D:9      | Reached skill level 1 in Throwing
  7634 | D:9      | Found a staircase to the Orcish Mines.
  7825 | D:10     | Entered Level 10 of the Dungeon
  7826 | D:10     | Noticed an unseen horror
  7837 | D:10     | Killed an unseen horror
  8426 | D:10     | Found a staircase to the Lair.
  8687 | D:10     | Reached XP level 11. HP: 60/74 MP: 18/18
  9196 | D:11     | You fall through a shaft!
  9200 | D:12     | Noticed a hill giant
  9287 | D:11     | Noticed a wizard
  9296 | D:11     | Killed a wizard
  9352 | D:11     | Noticed Fannar
  9382 | D:11     | Killed Fannar
  9382 | D:11     | Reached skill level 11 in Armour
  9502 | D:11     | Noticed a red ugly thing
  9520 | D:11     | Killed a red ugly thing
  9531 | D:11     | Lost mutation: Your mind is acute. (Int +2) [mutagenic meat]
  9580 | D:11     | Gained mutation: Scrolls take you a little longer to read. [mutagenic meat]
  9581 | D:11     | Lost mutation: Your flesh is very cold resistant. [mutagenic meat]
  9582 | D:11     | Lost mutation: Scrolls take you a little longer to read. [mutagenic meat]
  9583 | D:11     | Gained mutation: You have large cloven feet. [mutagenic meat]
  9588 | D:11     | Gained mutation: Your flesh is very cold resistant. [mutagenic meat]
 10379 | D:12     | Reached ****** piety under Lugonu
 10398 | D:12     | Killed a hill giant
 10498 | D:12     | Noticed a green ugly thing
 10547 | D:12     | Killed a green ugly thing
 10553 | D:12     | Gained mutation: Your mind is acute. (Int +2) [mutagenic meat]
 10554 | D:12     | Lost mutation: Your mind is acute. (Int +2) [mutagenic meat]
 10556 | D:12     | Gained mutation: You are highly resistant to hostile enchantments. [mutagenic meat]
 10660 | D:12     | Found Wobutei's Jewellery Shop.
 10678 | D:12     | Found Zouh's Gadget Boutique.
 10682 | D:12     | Bought a legendary deck of war for 286 gold pieces
 10700 | D:12     | Reached skill level 12 in Armour
 10705 | D:12     | Found Vohuxups's Gadget Emporium.
 10786 | D:12     | Gained mutation: You are mostly covered in sharp spines. [demonic ancestry]
 10786 | D:12     | Reached XP level 12. HP: 75/82 MP: 20/20
 11253 | D:12     | Found Guresk's Armour Boutique.
 11256 | D:12     | Bought a +0 buckler for 63 gold pieces
 11457 | D:12     | Slain by a slime creature

Skill      XL: |  1  2  3  4  5  6  7  8  9 10 11 12 |
---------------+-------------------------------------+-----
Armour         | 2 4 5 7 9 10 12 | 12.4
Axes           | 2 3 4 5 7 |  7.2
Invocations    | 3 4 5 7 9 10 11 | 11.7
Fighting       | 4 5 6 7 8 |  8.0
Dodging        | 1 2 3 4 |  4.4
Throwing       | 1 |  1.0

Action                   |  1- 3 |  4- 6 |  7- 9 | 10-12 || total
-------------------------+-------+-------+-------+-------++-------
Melee: Hand axe          |    52 |    98 |   176 |   406 ||   732
       War axe           |       |       |    62 |       ||    62
Throw: Tomahawk          |       |       |     3 |     5 ||     8
Invok: Depart the Abyss  |     1 |       |       |       ||     1
       Banish            |       |       |     3 |       ||     3
       Bend Space        |       |       |       |     1 ||     1
Evoke: Deck              |       |       |       |     2 ||     2
  Use: Potion            |       |    14 |     4 |     4 ||    22
       Scroll            |       |     7 |    10 |     7 ||    24
 Stab: Confused          |       |       |       |     1 ||     1
  Eat: Chunk             |     1 |     7 |    14 |    29 ||    51
Armor: Leather armour    |     3 |       |       |       ||     3
       Chain mail        |    29 |    51 |    56 |       ||   136
       Skin              |       |    12 |    23 |       ||    35
       Plate armour      |       |       |   135 |   433 ||   568
Dodge: Dodged            |    21 |    23 |    93 |   136 ||   273
Block: Buckler           |       |       |       |     5 ||     5
